 Dungeon Crawl Stone Soup version 0.24-a0-504-gcfb02b9d07 (webtiles) character file.

Game seed: 6426987785033367265

66 DeathSun the Cudgeler (level 3, -2/29 HPs)
             Began as a Draconian Warper on July 17, 2019.
             Was an Initiate of Yredelemnul.
             Killed from afar by an orc wizard (6 damage)
             ... with a puff of flame
             ... on level 3 of the Dungeon.
             The game lasted 00:04:32 (2405 turns).

DeathSun the Cudgeler (Draconian Warper)            Turns: 2405, Time: 00:04:33

Health: -2/29      AC:  5    Str: 14    XL:     3   Next: 96%
Magic:  6/6        EV: 12    Int: 13    God:    Yredelemnul [......]
Gold:   93         SH:  0    Dex: 10    Spells: 4/6 levels left

rFire    . . .     SeeInvis .   a - +0 mace
rCold    . . .     Gourm    .   (no shield)
rNeg     . . .     Faith    .   (armour unavailable)
rPois    .         Spirit   .   (helmet restricted)
rElec    .         Reflect  .   (no cloak)
rCorr    .         Harm     .   (no gloves)
MR       .....                  (no boots)
Stlth    +.........             (no amulet)
HPRegen  0.09/turn              (no ring)
MPRegen  0.10/turn              (no ring)

@: lethally poisoned (-2 -> -4)
A: unfitting armour, cold-blooded, AC +5
a: Renounce Religion


You were on level 3 of the Dungeon.
You worshipped Yredelemnul.
Yredelemnul was noncommittal.
You were hungry.

You visited 1 branch of the dungeon, and saw 3 of its levels.

You collected 93 gold pieces.

Inventory:

Hand Weapons
 a - a +0 mace (weapon)
Missiles
 d - 5 boomerangs of dispersal (quivered)
 g - 5 boomerangs
Jewellery
 j - a +5 ring of protection {unknown}
Scrolls
 c - a scroll of blinking
 h - a scroll of magic mapping {unknown}
 i - 2 scrolls of identify {unknown}
Potions
 b - 3 potions of ambrosia {unknown}
 e - a potion of might {unknown}
 k - a potion of lignification {unknown}
 l - a potion of curing {unknown}
 m - a potion of agility {unknown}
Comestibles
 f - 6 rations


   Skills:
 - Level 2.1 Fighting
 * Level 4.0 Maces & Flails
 - Level 0.8 Throwing
 - Level 2.1 Dodging
 - Level 2.0 Spellcasting
 + Level 3.3 Translocations


You had 4 spell levels left.
You knew the following spells:

 Your Spells              Type           Power        Failure   Level  Hunger
a - Blink                 Tloc           N/A          10%         2    ###....

Your spell library contained the following spells:

 Spells                   Type           Power        Failure   Level  Hunger
 Shroud of Golubria       Chrm/Tloc      #.....       19%         2    ###....
 Gell's Gravitas          Tloc           ##........   19%         3    ####...
 Lesser Beckoning         Tloc           ##........   19%         3    ####...
 Teleport Other           Tloc           ##......     19%         3    ####...
 Passage of Golubria      Tloc           N/A          54%         4    #####..


Dungeon Overview and Level Annotations

Branches:
Dungeon (3/15)

Altars:
Qazlal
Yredelemnul


Innate Abilities, Weirdness & Mutations

Your plain brown scales are hard. (AC +5)
You cannot fit into any form of body armour.
You are cold-blooded and may be slowed by cold attacks.


Message History

The adder barely misses you.
You closely miss the adder.
The adder is heavily wounded.
The orc wizard misses you. The adder bites you but does no damage.
The orc wizard casts a spell at you. The puff of flame hits you!
* * * LOW HITPOINT WARNING * * *
You sock the adder!
You kill the adder!
Yredelemnul accepts your kill.
Your Maces & Flails skill increases to level 4!
The orc wizard hits you but does no damage.
The orc wizard misses you.
You feel sick.
You closely miss the orc wizard.
The orc wizard is severely wounded.
The orc wizard gestures at you while chanting.
The puff of flame hits you.
You die...
Your body rises from the dead as a mindless zombie.

#.# #.# #.#
#.# #.#
#)#########
####)...o...[#
#......o###.
#...<..@#
#.......#
#<......#
#.......#
#.......#
#.......#
##.#$####
#.#.#


You could see an orc wizard and an orc.

Vanquished Creatures
  3 adders
  A dart slug (D:2)
  3 bats
  2 giant cockroaches
  3 goblins
  7 hobgoblins
  A quokka (D:2)
  3 frilled lizards
  7 kobolds
  6 rats
36 creatures vanquished.

Notes
Turn   | Place    | Note
-------+----------+-------------------------------------------
     0 | D:1      | DeathSun the Draconian Warper began the quest for the Orb.
     0 | D:1      | Reached XP level 1. HP: 17/17 MP: 3/3
   689 | D:1      | Reached XP level 2. HP: 24/24 MP: 5/5
   749 | D:1      | Reached skill level 3 in Maces & Flails
  1081 | D:2      | Learned a level 2 spell: Blink
  1141 | D:2      | Reached XP level 3. HP: 19/29 MP: 6/6
  1441 | D:2      | Found a stormy altar of Qazlal.
  2331 | D:2      | Found a basalt altar of Yredelemnul.
  2340 | D:2      | Became a worshipper of Yredelemnul the Dark
  2403 | D:3      | Reached skill level 4 in Maces & Flails
  2405 | D:3      | Killed from afar by an orc wizard

Levels and vault maps discovered:
D:1:      psy_arrival_terrarium, layout_basic
D:2:      layout_basic, nicolae_overflow_crystal_walls,
          lemuel_coloured_pillars_altar, minmay_tetromino_o2
D:3:      layout_loops_ring

Skill      XL: |  1  2  3 |
---------------+----------+-----
Maces & Flails | 3 4 |  4.0
Fighting       | |  2.1
Throwing       | |  0.8
Dodging        | |  2.1
Spellcasting   | |  2.0
Translocations | |  3.3

Action                   || total
-------------------------++-------
Melee: Mace              ||   130
       Tailslap          ||     3
 Stab: Sleeping          ||     1
  Eat: Chunk             ||     4
Armor: Skin              ||    44
Dodge: Dodged            ||    96

Table legend:
 A = Non-vault XP
 B = Vault XP
 C = Vault XP percentage of total XP
 D = Non-vault monster count
 E = Vault monster count
 F = Vault count percentage of total count
                 A         B        C        D         E       F
            +---------+---------+-------+---------+---------+-------
      Total |      93 |       2 |   2.1 |      35 |       1 |   2.8
            +---------+---------+-------+---------+---------+-------
        D:1 |      25 |       0 |   0.0 |      16 |       0 |   0.0
        D:2 |      53 |       2 |   3.6 |      17 |       1 |   5.6
        D:3 |      15 |       0 |   0.0 |       2 |       0 |   0.0
            +---------+---------+-------+---------+---------+-------
